 Dungeon Crawl Stone Soup version 0.30-a0-860-g512cf1e979 (webtiles) character file.

Game seed: 5037054222784109785

119 NinjaNoafa the Magician (level 5, -2/39 HPs)
             Began as a Djinni Fire Elementalist on Mar 8, 2023.
             Slain by an adder (3 damage)
             ... on level 3 of the Dungeon.
             The game lasted 00:06:31 (1335 turns).

NinjaNoafa the Magician (Djinni Fire Elementalist)  Turns: 1335, Time: 00:06:32

Health: -2/39      AC:  2    Str:  7    XL:     5   Next: 24%
Gold:   52         EV:  6    Int: 19    God:
                   SH:  0    Dex: 13

rFire   + + .      SeeInvis .    a - +0 dagger
rCold   x . .      Faith    .    (no shield)
rNeg    . . .      Spirit   .    h - +0 robe
rPois   ∞          Reflect  .    (no helmet)
rElec   .          Rampage  .    (no cloak)
rCorr   .                        (no gloves)
Will    .....                    (boots unavailable)
Stlth   ++                       (no amulet)
HPRegen 0.26/turn                (no ring)
MPRegen 0.00/turn                (no ring)

@: brilliant, flying, very slightly contaminated, held
A: sickness immunity, fire resistance 2, cold vulnerability 1, float, innate
caster, HP casting, extra vitality 1
a: no special abilities


You were on level 3 of the Dungeon.
You visited 1 branch of the dungeon, and saw 3 of its levels.

You collected 52 gold pieces.

Inventory:

Hand Weapons
 a - a +0 dagger (weapon)
Missiles
 b - 12 poisoned darts
Armour
 h - a +0 robe (worn)
Scrolls
 d - a scroll of noise {unknown}
 e - 3 scrolls of identify {unknown}
 f - a scroll of blinking {unknown}
 g - a scroll of vulnerability {unknown}
 j - a scroll of amnesia {unknown}
 k - a scroll of poison {unknown}
 n - a scroll of fog {unknown}
Potions
 c - a potion of brilliance
 i - a potion of attraction {unknown}
 l - a potion of cancellation {unknown}
 m - a potion of curing {unknown}


   Skills:
 + Level 2.3 Fighting
 - Level 2.1 Dodging
 - Level 1.5 Stealth
 * Level 3.8 Spellcasting


You knew the following spells:

 Your Spells              Type           Power      Damage    Failure   Level
a - Foxfire               Conj/Fire      100%       2x1d9     3%          1
b - Scorch                Fire           54%        2d8       4%          2
c - Kindle Blastsparks    Fire/Tloc/Air  54%        2d14      9%          3
d - Inner Flame           Hex/Fire       27%        N/A       9%          3
e - Flame Wave            Conj/Fire      27%        2d9       28%         4
f - Freeze                Ice            100%       1d10      3%          1
g - Static Discharge      Conj/Air       54%        2-5/arc   4%          2
Your spell library was empty.

Dungeon Overview and Level Annotations

Branches:
Dungeon (3/15)

Altars:


Innate Abilities, Weirdness & Mutations

You are immune to sickness and miasma.
You are immune to poison.
Your flesh is very heat resistant. (rF++)
You are vulnerable to cold. (rC-)
You float through the air rather than walking.
You learn spells naturally, not from books.
Your magical power is your life essence.
You have superior vitality. (+4 MHP)


Message History

Confirm with . or Enter, or press ? or * to list all spells.
The orc is struck by an arc of lightning.
You kill the orc!
You are struck by an arc of lightning.
An adder comes into view.
A gnoll comes into view. It is wielding a +0 flail.
Unknown command.
Found 9 gold pieces.
The gnoll shouts!
The adder hisses angrily.
The gnoll throws a throwing net.
The throwing net hits you.
You become entangled in the net!
You see here a throwing net.
You struggle against the net.
The adder bites you.
You struggle against the net.
The adder bites you.
* * * LOW HITPOINT WARNING * * *
The adder bites you.
* * * LOW HITPOINT WARNING * * *
Casting: Static Discharge (safe; 4% risk of failure)
Confirm with . or Enter, or press ? or * to list all spells.
Flames lash the gnoll.
The gnoll is severely wounded.
The gnoll's fire resistance burns away.
* * * LOW HITPOINT WARNING * * *
You hear a shout!
The adder barely misses you.
A gnoll comes into view. It is wielding a +0 club.
Casting: Scorch (safe; 4% risk of failure)
Confirm with . or Enter, or press ? or * to list all spells.
You miscast Static Discharge.
You are very lightly contaminated with residual magic.
Nothing appears to happen.
* * * LOW HITPOINT WARNING * * *
The adder closely misses you. The gnoll hits you with a +0 flail!
* * * LOW HITPOINT WARNING * * *
Unknown command.
Unknown command.
It was a potion of brilliance.
You feel clever all of a sudden. The adder bites you.
You die...

#.... #.... ..#
... ..# ... .. #
#g# .# .# #
#.###.#.. .
###.# #.##...
...
#.....#g##.##..#
#..@S)<....#
#........(.#
#..#####..#.#
..... .## ####$
. #. #. #. ## ##


You could see 2 gnolls and an adder.

Vanquished Creatures
  A hound (D:2)
  4 gnolls
  A worm (D:2)
  3 dart slugs
  An orc (D:3)
  3 ball pythons
  4 bats
  4 endoplasms (D:1)
  2 giant cockroaches
  2 goblins (D:1)
  5 hobgoblins
  A quokka (D:2)
  A frilled lizard (D:1)
  5 kobolds
  4 rats
41 creatures vanquished.

Vanquished Creatures (others)
  65 foxfires
65 creatures vanquished.

Grand Total: 106 creatures vanquished

Notes
Turn   | Place    | Note
-------+----------+-------------------------------------------
     0 | D:1      | NinjaNoafa the Djinni Fire Elementalist began the quest for
                  | the Orb.
     0 | D:1      | NinjaNoafa set off with the following spells memorised:
                  | Foxfire, Scorch, Kindle Blastsparks, Inner Flame, Flame
                  | Wave.
     0 | D:1      | Reached XP level 1. HP: 15/15 MP: 0/0
    88 | D:1      | Reached XP level 2. HP: 15/22 MP: 0/0
    90 | D:1      | Reached skill level 1 in Fighting
   245 | D:1      | Reached XP level 3. HP: 26/27 MP: 0/0
   245 | D:1      | Learned a level 1 spell: Freeze
   343 | D:1      | Reached skill level 3 in Spellcasting
   954 | D:2      | Found a faded altar of an unknown god.
   962 | D:2      | Reached XP level 4. HP: 30/33 MP: 0/0
  1156 | D:2      | Reached XP level 5. HP: 29/39 MP: 0/0
  1156 | D:2      | Learned a level 2 spell: Static Discharge
  1334 | D:3      | HP: 1/39 [gnoll/+0 flail (12)]
  1335 | D:3      | Slain by an adder

Illustrated notes

Levels and vault maps discovered:
D:1:      amcnicky_arrival_double_pillar, layout_basic
D:2:      layout_rooms, hellmonk_ecumenical_altar_zigzags, basic_altar
D:3:      layout_loops_cross, serial_shops, nicolae_shop_hallway_plus

Skill      XL: |  1  2  3  4 |
---------------+-------------+-----
Fighting       | 1 2 |  2.3
Spellcasting   | 3 |  3.8
Dodging        | |  2.1
Stealth        | |  1.5

Action                     |  1- 3 |  4- 6 || total
---------------------------+-------+-------++-------
  Melee: Unarmed           |     7 |       ||     7
         Dagger            |     2 |       ||     2
   Cast: Foxfire           |    34 |     9 ||    43
         Scorch            |     9 |     2 ||    11
         Freeze            |     5 |     4 ||     9
         Kindle Blastspark |     3 |     1 ||     4
         Inner Flame       |     1 |     1 ||     2
         Static Discharge  |       |     2 ||     2
    Use: Potion            |       |     1 ||     1
 Armour: Robe              |    10 |     3 ||    13
  Dodge: Dodged            |    17 |    10 ||    27

Table legend: (Time is in decaauts)
 A = Elapsed time spent in this place.
 B = Non-inter-level travel time spent in this place.
 C = Inter-level travel time spent in this place.
 D = Time resting spent in this place.
 E = Time spent auto-exploring this place.
 F = Levels seen in this place.
 G = Mean time per level.
                   A        B        C        D        E       F      G
               +--------+--------+--------+--------+--------+-----+--------+
         Total |   1334 |   1291 |     43 |      0 |    854 |   3 |  444.7 |
       Dungeon |   1334 |   1291 |     43 |      0 |    854 |   3 |  444.7 |
               +--------+--------+--------+--------+--------+-----+--------+

Top non-repeatable levels by time:
     D:1: 705 daAuts
     D:2: 616 daAuts
     D:3: 12 daAuts
